 Dungeon Crawl Stone Soup version 0.22.0-38-g04b72b8 (webtiles) character file.

121 poirepourri the Chopper (level 4, -11/40 HPs)
             Began as a Deep Dwarf Fighter on Aug 29, 2018.
             Splashed by a gnoll's acid (17 damage)
             ... on level 3 of the Dungeon.
             The game lasted 00:01:21 (1339 turns).

poirepourri the Chopper (Deep Dwarf Fighter)        Turns: 1339, Time: 00:01:21

Health: -11/40     AC:  2    Str: 20    XL:     4   Next: 76%
Magic:  4/4        EV:  7    Int:  8    God:
Gold:   116        SH:  9    Dex: 13    Spells: 3/3 levels left

rFire    . . .     SeeInvis .   a - +1 war axe
rCold    . . .     Gourm    .   c - +0 shield
rNeg     . . .     Faith    .   b - +0 scale mail
rPois    .         Spirit   .   (no helmet)
rElec    .         Reflect  .   (no cloak)
rCorr    .         Harm     .   (no gloves)
MR       .....                  (no boots)
Stlth    ..........             (no amulet)
HPRegen  0.00/turn              e - ring of wizardry
MPRegen  0.09/turn              (no ring)

@: corroded, non-regenerating
A: damage resistance, heal wounds, sense surroundings 1, no regeneration
a: Heal Wounds


You were on level 3 of the Dungeon.
You were not hungry.

You visited 1 branch of the dungeon, and saw 3 of its levels.

You collected 116 gold pieces.

Inventory:

Hand Weapons
 a - a +1 war axe (weapon)
Missiles
 i - 15 bolts
Armour
 b - a +0 scale mail (worn)
 c - a +0 shield (worn)
Jewellery
 e - a ring of wizardry (left hand)
 l - an uncursed ring of magical power {unknown}
Scrolls
 k - a scroll of amnesia
 m - 2 scrolls of remove curse
Potions
 d - a potion of might
 g - a potion of agility
 h - a potion of magic
 j - a potion of cancellation {unknown}
 n - a potion of curing {unknown}
Comestibles
 f - 3 rations


   Skills:
 - Level 2.6 Fighting
 + Level 5.5 Axes
 - Level 3.2 Armour
 - Level 3.2 Shields


You had 3 spell levels left.
You didn't know any spells.
Your spell library was empty.

Dungeon Overview and Level Annotations

Branches:
Dungeon (3/15)

Altars:


Innate Abilities, Weirdness & Mutations

You are resistant to damage.
You can heal yourself by infusing magical energy.
You passively map a small area around you.
You do not regenerate.


Message History

You are too injured to fight recklessly!
You are too injured to fight recklessly!
You are too injured to fight recklessly!
You are too injured to fight recklessly!
You are too injured to fight recklessly!
You are too injured to fight recklessly!
You are too injured to fight recklessly!
You are too injured to fight recklessly!
You are too injured to fight recklessly!
You are too injured to fight recklessly!
You are too injured to fight recklessly!
A gnoll is nearby!
You slash the gnoll!
You kill the gnoll!
A gnoll comes into view. It is wielding a halberd.
The gnoll shouts!
The gnoll zaps a wand.
The bolt of acid hits you!
* * * LOW HITPOINT WARNING * * *
The acid corrodes you!
You are splashed with acid!
The acid burns!
You die...

#.# #.#######.##<#
#.# #..........#.#
#.# #..######..#.#
#.# #)............
#.# ##........####
#.# #.######.# #.#
#.# #.#
#)########.##*
#.####
**#..).@.......*
#)##..
**,######.......*
#.....
*,,,,,,,,.......*
####.#
**,*****,.....<.*
#.#
*,*****,##.....****
#†#
*,,,,,,,**#.g..,,,*
#.#
*******,***....**,*
#.# *,,,,,...**>*
#.# ***,***,***,*
#.#


You could see a gnoll.

Vanquished Creatures
  3 gnolls (D:3)
  3 adders
  2 oozes
  A worm (D:2)
  A dart slug (D:1)
  3 leopard geckos (D:2)
  A ball python (D:3)
  7 bats
  4 giant cockroaches
  5 goblins (D:1)
  6 hobgoblins
  2 frilled lizards (D:1)
  4 kobolds (D:1)
  8 rats
50 creatures vanquished.

Notes
Turn   | Place    | Note
-------+----------+-------------------------------------------
     0 | D:1      | poirepourri the Deep Dwarf Fighter began the quest for the Orb.
     0 | D:1      | Reached XP level 1. HP: 20/20 MP: 1/1
    81 | D:1      | Reached skill level 3 in Axes
    81 | D:1      | Reached XP level 2. HP: 21/27 MP: 2/2
   315 | D:1      | Reached XP level 3. HP: 33/33 MP: 3/3
   326 | D:1      | Reached skill level 4 in Axes
   783 | D:2      | Reached XP level 4. HP: 36/40 MP: 4/4
  1216 | D:3      | Reached skill level 5 in Axes
  1339 | D:3      | Splashed by a gnoll's acid

Skill      XL: |  1  2  3  4 |
---------------+-------------+-----
Axes           | 3 4 5 |  5.5
Fighting       | |  2.6
Armour         | |  3.2
Shields        | |  3.2

Action                   |  1- 3 |  4- 6 || total
-------------------------+-------+-------++-------
Melee: War axe           |   124 |    21 ||   145
 Abil: Heal Wounds       |     1 |       ||     1
  Use: Scroll            |     3 |     5 ||     8
  Eat: Ration            |       |     1 ||     1
Armor: Scale mail        |    63 |     8 ||    71
Dodge: Dodged            |    45 |     3 ||    48
Block: Shield            |    70 |    12 ||    82
